 Dungeon Crawl Stone Soup version 0.18-b1-23-gf76aad1 (webtiles) character file.

256 Gingerlord the Skirmisher (level 6, -1/49 HPs)
             Began as a Formicid Abyssal Knight on May 5, 2016.
             Was a Believer of Lugonu.
             Slain by a mummy (13 damage)
             ... in an ossuary.
             The game lasted 00:08:31 (3862 turns).

Gingerlord the Skirmisher (Formicid Abyssal Knight) Turns: 3862, Time: 00:08:32

Health: -1/49      AC: 12    Str: 17    XL:     6   Next: 38%
Magic:  8/8        EV:  7    Int: 11    God:    Lugonu [**....]
Gold:   263        SH:  0    Dex: 12    Spells: 0 memorised, 5 levels left

rFire  + . .     SeeInvis +     B - +0 halberd
rCold  + . .     Gourm    .     f - +0 chain mail
rNeg   . . .     Faith    .     (no shield)
rPois  .         Spirit   .     (helmet unavailable)
rElec  .         Dismiss  .     v - +2 cloak
rCorr  .         Reflect  .     (no gloves)
SustAt .         Harm     .     (no boots)
MR     .....                    (no amulet)
Stlth  ..........               u - ring of protection from cold
                                b - ring of protection from fire

@: not resistant to hostile enchantments, extremely unstealthy
A: permanent stasis, dig shafts and tunnels, four strong arms, antennae 3
a: Dig, Shaft Self, Depart the Abyss, Bend Space, Renounce Religion


You were in an ossuary.
You worshipped Lugonu.
Lugonu was pleased with you.
You were not hungry.

You visited 1 branch of the dungeon, and saw 4 of its levels.
You visited the Abyss 1 time.
You also visited: Ossuary.

You collected 263 gold pieces.

Inventory:

Hand Weapons
 B - a +0 halberd (weapon)
Armour
 f - a +0 chain mail (worn)
 v - a +2 cloak (worn)
Jewellery
 b - a ring of protection from fire (left hand)
 u - a ring of protection from cold (right hand)
Scrolls
 a - a scroll of immolation {unknown}
 d - 3 scrolls of remove curse
 g - a scroll of blinking
 j - 5 scrolls of identify
 k - 5 scrolls of random uselessness
 n - a scroll of magic mapping
 o - a scroll of enchant armour {unknown}
 p - 2 scrolls of teleportation {unknown}
 r - 2 scrolls of enchant weapon {unknown}
 x - a scroll of noise {unknown}
 z - a scroll of amnesia {unknown}
Potions
 h - 2 potions of flight
 i - 3 potions of curing {unknown}
 l - a potion of cure mutation {unknown}
 q - a potion of berserk rage {unknown}
 s - a potion of magic {unknown}
 A - a potion of ambrosia {unknown}
 C - a potion of brilliance {unknown}
 D - 2 potions of mutation {unknown}
Comestibles
 c - 2 bread rations
 t - a meat ration
 w - 4 fruits


   Skills:
 + Level 4.7 Fighting
 + Level 3.3 Polearms
 + Level 3.6 Armour
 + Level 2.0 Dodging
 - Level 0.3 Stealth
 + Level 3.4 Invocations


You had 5 spell levels left.
You didn't know any spells.

Dungeon Overview and Level Annotations

Branches:
Dungeon (4/15)
 Temple: D:4-7

Altars:
Cheibriados
Kikubaaqudgha
Makhleb


Innate Abilities, Weirdness & Mutations

You are under a permanent stasis effect.
You can dig through walls and to a lower floor.
Your four strong arms can wield two-handed weapons with a shield.
You have a pair of large antennae on your head (SInv).


Message History

You destroy the mummy!
Lugonu accepts your kill.
You puncture the goblin zombie!
You destroy the goblin zombie!
Lugonu accepts your kill.
You hit the mummy.
The mummy is lightly damaged.
You puncture the mummy!
The mummy is heavily damaged.
The mummy hits you.
* * * LOW HITPOINT WARNING * * *
You are too injured to fight recklessly!
You are too injured to fight recklessly!
Your chain mail prevents you from hitting the mummy.
The mummy is heavily damaged.
The mummy hits you but does no damage.
You hit the mummy.
The mummy is severely damaged.
The mummy hits you!
You die...

##### #...# #...#
##@## #M# ###+###
#.'.## ##.....##
###..###..{....##
{+...#.........#
#...'....⌠....+
{+...#.........#
#..###.......##
{+.## ##.....##


You could see a mummy.

Vanquished Creatures
  Natasha (thrice) (D:2)
  4 mummies (Ossuary)
  5 gnolls (D:3)
  An adder (D:2)
  2 worms
  2 giant geckos (D:3)
  2 orcs (D:3)
  2 ball pythons
  4 giant cockroaches
  17 goblins
  5 hobgoblins
  A quokka (D:3)
  5 bats
  3 giant newts
  A goblin zombie (Ossuary)
  9 kobolds
  9 rats
75 creatures vanquished.

Notes
Turn   | Place    | Note
--------------------------------------------------------------
     0 | Abyss:1  | Gingerlord the Formicid Abyssal Knight began the quest for the Orb.
     0 | Abyss:1  | Reached XP level 1. HP: 18/18 MP: 2/2
    62 | Abyss:1  | Noticed an orange demon
    70 | Abyss:1  | Noticed a wretched star
    70 | Abyss:1  | Noticed a hellwing
    75 | D:1      | Escaped the Abyss
   488 | D:1      | Reached XP level 2. HP: 24/24 MP: 2/2
   831 | D:1      | Reached * piety under Lugonu
  1080 | D:1      | Reached XP level 3. HP: 30/30 MP: 3/3
  1182 | D:2      | Reached skill level 1 in Dodging
  1209 | D:2      | Noticed Natasha
  1224 | D:2      | HP: 1/30 [Natasha (5)]
  1228 | D:2      | Killed Natasha
  1228 | D:2      | Reached skill level 4 in Fighting
  1228 | D:2      | Reached XP level 4. HP: 1/37 MP: 4/4
  1632 | D:2      | Noticed Natasha
  1640 | D:2      | Killed Natasha
  1726 | D:2      | Noticed Natasha
  1736 | D:2      | Killed Natasha
  1736 | D:2      | Reached XP level 5. HP: 22/43 MP: 5/5
  2165 | D:2      | Found a burning altar of Makhleb.
  2177 | D:2      | Found a snail-covered altar of Cheibriados.
  2497 | D:3      | Found an ancient bone altar of Kikubaaqudgha.
  2512 | D:3      | Found a snail-covered altar of Cheibriados.
  2761 | D:3      | Reached ** piety under Lugonu
  3083 | D:3      | Reached XP level 6. HP: 49/49 MP: 8/8
  3769 | D:4      | Found a sand-covered staircase.
  3774 | Ossuary  | Entered an ossuary
  3862 | Ossuary  | Slain by a mummy

Skill      XL: |  1  2  3  4  5  6 |
---------------+-------------------+-----
Dodging        | 1 2 |  2.0
Fighting       | 4 |  4.7
Armour         | 3 |  3.6
Polearms       | 3 |  3.3
Invocations    | 3 |  3.4
Stealth        | |  0.3

Action                   |  1- 3 |  4- 6 || total
-------------------------+-------+-------++-------
Melee: Spear             |    86 |   103 ||   189
       Halberd           |       |   101 ||   101
Invok: Depart the Abyss  |     1 |       ||     1
 Abil: Dig               |       |     1 ||     1
  Use: Potion            |     1 |       ||     1
       Scroll            |       |     7 ||     7
  Eat: Chunk             |     1 |     7 ||     8
       Fruit             |       |     4 ||     4
Armor: Leather armour    |     2 |       ||     2
       Chain mail        |    32 |   102 ||   134
Dodge: Dodged            |    21 |    56 ||    77
